 Dungeon Crawl Stone Soup version 0.29.1-1-gd02db6906a (webtiles) character file.

Game seed: 6623927890484096205

840 Zeld the Chopper (level 7, -3/93 HPs)
             Began as a Minotaur Berserker on Oct 8, 2022.
             Was a Believer of Trog.
             Killed by divine providence
             ... invoked by an orc priest
              (11 damage)
             ... on level 5 of the Dungeon.
             The game lasted 00:04:05 (6373 turns).

Zeld the Chopper (Minotaur Berserker)               Turns: 6373, Time: 00:04:07

Health: -3/93      AC:  3    Str: 24    XL:     7   Next: 67%
Magic:  6/6        EV: 13    Int:  4    God:    Trog [**....]
Gold:   167        SH:  0    Dex:  9    Spells: 6/6 levels left

rFire   . . .      SeeInvis .   a - +0 war axe
rCold   . . .      Faith    .   (no shield)
rNeg    . . .      Spirit   .   b - +0 animal skin
rPois   .          Reflect  .   (helmet restricted)
rElec   .          Harm     .   (no cloak)
rCorr   .          Rampage  .   k - +0 pair of gloves
Will    .....                   (no boots)
Stlth   ..........              (no amulet)
HPRegen 0.25/turn               (no ring)
MPRegen 0.10/turn               (no ring)

@: berserking, very quick
A: horns 2, retaliatory headbutt
a: Renounce Religion, Berserk, Trog's Hand


You were on level 5 of the Dungeon.
You worshipped Trog.
Trog was pleased with you.
You visited 1 branch of the dungeon, and saw 5 of its levels.

You collected 167 gold pieces.

Inventory:

Hand Weapons
 a - a +0 war axe (weapon)
Missiles
 p - 3 boomerangs
 x - 4 atropa-tipped darts
Armour
 b - a +0 animal skin (worn)
 k - a +0 pair of gloves (worn)
Jewellery
 n - a ring of protection from fire
Scrolls
 d - 4 scrolls of identify {unknown}
 f - a scroll of butterflies {unknown}
 i - a scroll of amnesia {unknown}
 j - a scroll of noise {unknown}
 m - 2 scrolls of magic mapping {unknown}
 o - 3 scrolls of enchant armour {unknown}
 q - a scroll of brand weapon {unknown}
 r - a scroll of immolation {unknown}
 s - a scroll of vulnerability {unknown}
 u - 3 scrolls of teleportation {unknown}
 v - a scroll of blinking {unknown}
Potions
 c - 2 potions of ambrosia {unknown}
 e - 2 potions of curing
 g - 3 potions of flight {unknown}
 h - a potion of invisibility {unknown}
 l - 2 potions of mutation {unknown}
 t - a potion of haste {unknown}
 w - a potion of resistance {unknown}


   Skills:
 + Level 5.8 Fighting
 * Level 7.5 Axes
 + Level 5.1 Armour
 + Level 4.7 Dodging


You had 6 spell levels left.
You didn't know any spells.
Your spell library was empty.

Dungeon Overview and Level Annotations

Branches:
Dungeon (5/15)
 Temple: D:4-7

Altars:


Innate Abilities, Weirdness & Mutations

You have a pair of horns on your head.
You reflexively headbutt those who attack you in melee.


Message History

You recover from your berserk rage.
You start resting.
You hear the brisk hiss of a distant avalanche of sand.
You start resting.
You start resting.
You now have 167 gold pieces (gained 6).
You start resting.
You hear the quick hiss of an avalanche of sand nearby.
You open the door.
Found 2 javelins and 14 gold pieces.
There is an open door here.
An orc priest and an orc come into view.
The orc shouts!
The orc priest shouts!
The orc moves out of view.
You hear a shout!
You see here 14 gold pieces.
An orc priest comes into view. It is wielding a +0 dagger.
An orc comes into view. It is wielding a +0 club.
An adder comes into view.
You closely miss the orc priest.
An orc comes into view. It is wielding a +0 dagger.
The orc barely misses you.
The orc priest mumbles some strange prayers to Beogh against you.
Pain shoots through your body!
The adder hisses angrily.
The orc shouts!
You hear a shout!
An ufetubus comes into view.
The orc priest hits you with a +0 war axe!
* * * LOW HITPOINT WARNING * * *
The orc priest looks braver for a moment.
The orc hits you with a +0 trident!
* * * LOW HITPOINT WARNING * * *
The ufetubus moves out of view.
Unknown command.
A red film seems to cover your vision as you go berserk!
You feel yourself moving faster!
You feel mighty! The orc priest barely misses you. You furiously retaliate!
You headbutt the orc priest!
The orc priest calls down the wrath of Beogh upon you.
Beogh smites you!
You die...

######## ######
#####......####....#
.>.........#...(...###..
...........'...........
...........#...o...##
†..........#..$.@o.#
#).##......#...####S.oo.
#...########...# ...#
#.#.############ #
#.#..##.........
#.##.....######
#.#####....######## #.#
#)##.##.....# #.#
#.##..#.....#


You could see 2 orc priests, an adder and 2 orcs.

Vanquished Creatures
  An ice beast (D:5)
  An ogre (D:4)
  A black bear (D:4)
  A phantom (D:4)
  4 wights (D:5)
  2 hounds
  Natasha (twice) (D:4)
  7 gnolls
  3 adders
  2 worms
  3 dart slugs
  7 orcs
  2 bats (D:3)
  4 endoplasms
  4 giant cockroaches
  8 goblins
  2 hobgoblins
  7 jackals
  4 quokkas
  6 ball pythons
  4 frilled lizards
  10 kobolds
  2 rats
87 creatures vanquished.

Notes
Turn   | Place    | Note
-------+----------+-------------------------------------------
     0 | D:1      | Zeld the Minotaur Berserker began the quest for the Orb.
     0 | D:1      | Reached XP level 1. HP: 19/19 MP: 0/0
   258 | D:1      | Reached XP level 2. HP: 7/27 MP: 1/1
   319 | D:1      | Reached skill level 4 in Axes
  1119 | D:1      | Reached XP level 3. HP: 33/33 MP: 2/2
  1400 | D:2      | Reached ** piety under Trog
  2172 | D:2      | Reached XP level 4. HP: 20/40 MP: 3/3
  3321 | D:3      | Reached skill level 5 in Axes
  3979 | D:3      | Reached XP level 5. HP: 41/47 MP: 4/4
  4892 | D:4      | Noticed a phantom
  4899 | D:4      | Killed a phantom
  4900 | D:4      | Reached XP level 6. HP: 53/55 MP: 5/5
  5041 | D:4      | Reached skill level 5 in Fighting
  5041 | D:4      | Reached skill level 6 in Axes
  5386 | D:4      | Noticed Natasha
  5397 | D:4      | Killed Natasha
  5696 | D:4      | Noticed Natasha
  5706 | D:4      | Killed Natasha
  5983 | D:5      | Entered Level 5 of the Dungeon
  6075 | D:5      | Reached XP level 7. HP: 61/61 MP: 6/6
  6081 | D:5      | Reached skill level 7 in Axes
  6244 | D:5      | Reached skill level 5 in Armour
  6373 | D:5      | Killed from afar by an orc priest

Illustrated notes

Levels and vault maps discovered:
D:1:      psy_arrival_conway, layout_basic
D:2:      layout_basic
D:3:      layout_loops_corners, roderic_cross_of_infinity
D:4:      layout_basic, minmay_misc_feat_columns, uniq_natasha
D:5:      layout_basic, nicolae_ossuary_entry_monument

Skill      XL: |  1  2  3  4  5  6  7 |
---------------+----------------------+-----
Axes           | 4 5 6 7 |  7.5
Fighting       | 4 5 |  5.8
Armour         | 3 4 5 |  5.1
Dodging        | 3 4 |  4.7

Action                   |  1- 3 |  4- 6 |  7- 9 || total
-------------------------+-------+-------+-------++-------
Melee: Hand axe          |    59 |   111 |       ||   170
       Headbutt          |     9 |    20 |     3 ||    32
       War axe           |       |     3 |    15 ||    18
       Punch             |       |     1 |       ||     1
Invok: Berserk           |     3 |     2 |     2 ||     7
 Stab: Sleeping          |     2 |       |       ||     2
Armor: Animal skin       |    10 |    23 |     2 ||    35
Dodge: Dodged            |    44 |    76 |    13 ||   133
